AoeStats
← FlyingWhale

QS Arena

503306299Analyzed
4v4 RM · 1mo ago on Aug 31, 2026· 43m 22s· 8 players
Game mode
Random Map
Map size
Large (8 player)
Population
200
Speed
Normal
Resources
Standard
Victory
Conquest
Starting age
Dark Age
Ending age
Imperial Age
RankedLock teamsTeams togetherTeam positionsShared explorationLock speedFull tech treeHidden civsTurbo modeCheats
Victory
Defeat
🇺🇸 Huns · United States
1057
+12
🇺🇸 Teutons · United States
1038
+12
🇺🇸 Lithuanians · United States
1001
+14
🇺🇸 Ethiopians · United States
998
+14
🇨🇱 Celts · Chile
1032
-16
🇨🇳 Tupi · China
967
-13
🇦🇹 Turks · Austria
951
-13
🇺🇸 Burgundians · United States
884
-10
PoppafoxTTV
6:36 Wheelbarrow
6:21 Double-Bit Axe
8:17 Feudal Age
9:02 Gold Mining
10:45 Bow Saw
14:49 Hand Cart
14:19 Horse Collar
15:53 Heavy Plow
16:10 Loom
18:48 Castle Age
17:44 Scale Barding Armor
18:19 Gold Shaft Mining
18:28 Scale Mail Armor
19:08 Stone Mining
20:42 Two-Man Saw
19:13 Pikeman
20:09 Forging
21:00 Crop Rotation
20:59 Squires
22:12 Stone Shaft Mining
25:45 Chain Mail Armor
26:19 Fervor
26:18 Husbandry
26:40 Cavalier
27:46 Chain Barding Armor
28:31 Devotion
30:15 Iron Casting
29:22 Treadmill Crane
30:35 Arson
32:21 Burgundian Vineyards
33:03 Ballistics
35:19 Imperial Age
35:07 Masonry
34:55 Murder Holes
35:22 Redemption
35:26 Paladin
37:00 Conscription
36:14 Halberdier
38:08 Plate Barding Armor
38:06 Plate Mail Armor
38:37 Blast Furnace
38:37 Architecture
39:09 Chemistry
37:40 Paladin
40:20 Fortified Wall
41:51 Light Cavalry
43:32 Town Watch
Thobalx
9:20 Feudal Age
7:37 Loom
13:33 Castle Age
11:52 Double-Bit Axe
12:50 Horse Collar
13:06 Gold Mining
14:29 Bow Saw
14:33 Heavy Plow
17:44 Wheelbarrow
23:16 Scale Mail Armor
24:29 Chain Mail Armor
26:41 Hand Cart
30:44 Imperial Age
33:10 Forging
33:31 Plate Mail Armor
32:43 Pikeman
33:10 Gambesons
33:06 Capped Ram
34:52 Halberdier
35:41 Town Watch
爱你的阿金
8:41 Feudal Age
15:33 Castle Age
14:09 Double-Bit Axe
14:06 Horse Collar
15:05 Gold Mining
15:08 Stone Mining
15:33 Forging
15:23 Scale Mail Armor
18:02 Bow Saw
18:40 Iron Casting
18:21 Chain Mail Armor
17:51 Champi Runner
20:42 Heavy Plow
21:51 Arson
22:07 Squires
24:14 Gold Shaft Mining
23:30 Champi Warrior
25:06 Loom
30:40 Caciques
30:27 Elite Skirmisher
32:00 Wheelbarrow
35:18 Imperial Age
34:16 Hand Cart
34:28 Ballistics
38:04 Two-Man Saw
38:49 Conscription
38:40 Pikeman
FlyingWhale
8:31 Feudal Age
9:09 Double-Bit Axe
10:03 Wheelbarrow
15:22 Castle Age
16:25 Bow Saw
19:05 Hand Cart
20:49 Gold Mining
20:51 Stone Mining
30:46 Forging
31:26 Scale Barding Armor
32:05 Bloodlines
31:59 Husbandry
34:35 Chain Barding Armor
34:51 Iron Casting
mmstoned
8:18 Feudal Age
12:20 Castle Age
10:43 Double-Bit Axe
18:39 Horse Collar
21:35 Town Watch
22:26 Wheelbarrow
21:40 Town Watch
22:16 Gold Mining
23:07 Bow Saw
27:00 Imperial Age
24:34 Stone Mining
25:03 Fletching
25:14 Padded Archer Armor
26:10 Heavy Plow
26:12 Bodkin Arrow
25:57 Elite Skirmisher
26:54 Leather Archer Armor
27:35 Ballistics
28:33 Ring Archer Armor
29:32 Two-Man Saw
30:49 Hand Cart
30:35 Town Patrol
31:34 Bloodlines
32:29 Crenellations
32:39 Ironclad
32:42 Conscription
32:10 Cavalier
33:03 Forging
32:59 Scale Barding Armor
34:29 Iron Casting
35:32 Crenellations
36:37 Chemistry
35:49 Fortified Wall
36:03 Chain Barding Armor
37:30 Stone Shaft Mining
39:08 Plate Barding Armor
40:02 Bombard Tower
39:41 Paladin
SloughyCarp1342
8:28 Feudal Age
13:04 Castle Age
14:00 Double-Bit Axe
15:46 Bow Saw
16:29 Horse Collar
18:21 Stone Mining
18:29 Loom
22:01 Wheelbarrow
22:09 Heavy Plow
23:59 Marauders
24:44 Hand Cart
24:15 Town Watch
27:45 Imperial Age
25:08 Town Watch
26:02 Scale Barding Armor
26:40 Bloodlines
26:31 Husbandry
27:57 Chain Barding Armor
27:47 Forging
29:08 Elite Tarkan
30:26 Caravan
30:57 Elite Skirmisher
32:21 Heavy Cavalry Archer
33:06 Thumb Ring
33:00 Gold Mining
33:13 Town Patrol
34:37 Parthian Tactics
33:39 Light Cavalry
34:21 Fletching
35:10 Hussar
36:59 Plate Barding Armor
36:20 Bodkin Arrow
37:23 Ballistics
38:03 Chemistry
37:49 Conscription
39:09 Bracer
39:48 Iron Casting
39:14 Padded Archer Armor
43:18 Blast Furnace
42:34 Leather Archer Armor
MasterChief6505
7:38 Feudal Age
12:14 Castle Age
11:15 Double-Bit Axe
12:13 Wheelbarrow
19:34 Bow Saw
21:16 Gold Mining
21:17 Stone Mining
22:03 Horse Collar
22:54 Hand Cart
26:16 Imperial Age
24:23 Loom
25:17 Forging
25:13 Scale Barding Armor
26:22 Cavalier
27:03 Husbandry
27:13 Bloodlines
27:08 Husbandry
29:02 Chain Barding Armor
29:18 Iron Casting
30:47 Plate Barding Armor
32:24 Conscription
33:18 Paladin
37:42 Padded Archer Armor
37:32 Fletching
38:22 Tower Shields
41:01 Elite Skirmisher
41:46 Thumb Ring
Exile
8:20 Feudal Age
12:05 Castle Age
10:53 Double-Bit Axe
11:24 Horse Collar
13:19 Wheelbarrow
13:17 Bow Saw
15:39 Gold Mining
17:26 Heavy Plow
17:32 Crossbowman
19:04 Fletching
22:43 Bodkin Arrow
23:40 Padded Archer Armor
24:06 Loom
25:39 Thumb Ring
26:05 Ballistics
34:39 Stone Mining
38:16 Hand Cart
44:08 Imperial Age
43:44 Town Watch
Connection lost

Rejoining the realm…

Still unreachable

The connection could not be restored.

Session expired

The server has moved on; the page needs a fresh start.